SAA
PHOENIX HOTSPUR YOUTH @ BETHESDA ATOMS
09/05/2034
 
TOP OF THE 1ST
Phoenix Hotspur Youth batting - Pitching for Bethesda Atoms : LHP Ernesto Méndez
Pitching: LHP Ernesto Méndez
Batting: LHB Joseph Antoine 0-0: Ground out 6-3 (Groundball, 6M)
Batting: LHB Carlos Rodríguez 0-0: Ball
1-0: Called Strike
1-1: Swinging Strike
1-2: Fly out, F7 (Flyball, 78S)
Batting: RHB Jonas van Claveren 0-0: Ball
1-0: Ball
2-0: SINGLE (Line Drive, 8LS)
Batting: RHB José Souza 0-0: Called Strike
0-1: Ball
1-1: Ball
2-1: Fielders Choice at 2nd, 6-4 (Groundball, 6)
Top of the 1st over - 0 runs, 1 hit, 0 errors, 1 left on base; Phoenix Hotspur 0 - Bethesda 0
BOTTOM OF THE 1ST
Bethesda Atoms batting - Pitching for Phoenix Hotspur Youth : LHP Habakkuk Baldonado
Pitching: LHP Habakkuk Baldonado
Batting: RHB Enrique Ibarra 0-0: Ball
1-0: Swinging Strike
1-1: Ball
2-1: Ball
3-1: Ground out 5-3 (Groundball, 25)
Batting: LHB Sandor Addicks 0-0: Ball
1-0: Swinging Strike
1-1: Ball
2-1: Called Strike
2-2: Ground out 6-3 (Groundball, 6)
Batting: RHB Renato Zuvic 0-0: Fly out, F9 (Flyball, 9D)
Bottom of the 1st over - 0 runs, 0 hits, 0 errors, 0 left on base; Phoenix Hotspur 0 - Bethesda 0
TOP OF THE 2ND
Phoenix Hotspur Youth batting - Pitching for Bethesda Atoms : LHP Ernesto Méndez
Batting: LHB Phil Mazzeo 0-0: Called Strike
0-1: Ball
1-1: Foul Ball, location: 2F
1-2: Strikes out looking
Batting: RHB Braylen Sampson 0-0: Foul Ball, location: 2F
0-1: Ground out 1-3 (Groundball, 13S)
Batting: RHB Francisco Arriagada 0-0: Called Strike
0-1: Foul Ball, location: 2F
0-2: Ball
1-2: Ball
2-2: Strikes out looking
Top of the 2nd over - 0 runs, 0 hits, 0 errors, 0 left on base; Phoenix Hotspur 0 - Bethesda 0
BOTTOM OF THE 2ND
Bethesda Atoms batting - Pitching for Phoenix Hotspur Youth : LHP Habakkuk Baldonado
Batting: LHB Vinski Prifti 0-0: Called Strike
0-1: Ball
1-1: Ball
2-1: Swinging Strike
2-2: Ball
3-2: Ground out 4-3 (Groundball, 4)
Batting: RHB José Leyva 0-0: Ball
1-0: Swinging Strike
1-1: Ball
2-1: Called Strike
2-2: Foul Ball, location: 2F
2-2: Ball
3-2: Foul Ball, location: 2F
3-2: SINGLE (Groundball, 6MD)
Batting: LHB Gong Mao 0-0: Ball
1-0: Ball
2-0: Fly out, F8 (Flyball, 8RS)
Batting: RHB Bartolo Rosas 0-0: Called Strike
0-1: Swinging Strike
0-2: Ball
1-2: Ground out 6-3 (Groundball, 6)
Bottom of the 2nd over - 0 runs, 1 hit, 0 errors, 1 left on base; Phoenix Hotspur 0 - Bethesda 0
TOP OF THE 3RD
Phoenix Hotspur Youth batting - Pitching for Bethesda Atoms : LHP Ernesto Méndez
Batting: LHB Damian Alldred 0-0: Swinging Strike
0-1: Ball
1-1: Foul Ball, location: 2F
1-2: Ball
2-2: Ball
3-2: Base on Balls
Batting: RHB Myles Brundidge 0-0: Ball
1-0: Ball
2-0: Ground out 5-3 (Groundball, 25)
Damian Alldred to second
Batting: LHB Joseph Antoine 0-0: Ball
1-0: Called Strike
1-1: Foul Ball, location: 2F
1-2: Ball
2-2: Ball
3-2: SINGLE (Groundball, 4D)
Damian Alldred to third
Runner from 3rd tries for Home, SAFE, no throw
Batting: LHB Carlos Rodríguez 0-0: Ball
Joseph Antoine steals 2nd base
1-0: Foul Ball, location: 2F
1-1: Ball
2-1: Ball
3-1: Fly out, F7 (Flyball, 78M)
Batting: RHB Jonas van Claveren 0-0: Ball
1-0: Ball
2-0: Called Strike
2-1: Ball
3-1: Base on Balls
Batting: RHB José Souza 0-0: Ball
1-0: Foul Ball, location: 2F
1-1: Foul Ball, location: 2F
1-2: Ball
2-2: Strikes out swinging
Top of the 3rd over - 1 run, 1 hit, 0 errors, 2 left on base; Phoenix Hotspur 1 - Bethesda 0
BOTTOM OF THE 3RD
Bethesda Atoms batting - Pitching for Phoenix Hotspur Youth : LHP Habakkuk Baldonado
Batting: SHB Pedro Ortega 0-0: Swinging Strike
0-1: SINGLE (Groundball, 56D)
Batting: RHB Diego Romero 0-0: Called Strike
0-1: Ball
1-1: Foul Ball, location: 2F
1-2: DOUBLE (Flyball, 8LD)
Pedro Ortega to third
Runner from 3rd tries for Home, SAFE, no throw
Batting: RHB Enrique Ibarra 0-0: Ball
1-0: Ball
2-0: Ground out 4-3 (Groundball, 4)
Diego Romero to third
Batting: LHB Sandor Addicks 0-0: Ball
1-0: Swinging Strike
1-1: Ball
2-1: Ball
3-1: Foul Ball, location: 2F
3-2: Base on Balls
Batting: RHB Renato Zuvic 0-0: Swinging Strike
0-1: Ball
1-1: Ball
2-1: Foul Ball, location: 2F
2-2: Ball
3-2: Ground out 4-3 (Groundball, 4S)
Diego Romero scores
Sandor Addicks to second
Batting: LHB Vinski Prifti 0-0: Called Strike
0-1: Called Strike
0-2: Ground out 4-3 (Groundball, 4M)
Bottom of the 3rd over - 2 runs, 2 hits, 0 errors, 1 left on base; Phoenix Hotspur 1 - Bethesda 2
TOP OF THE 4TH
Phoenix Hotspur Youth batting - Pitching for Bethesda Atoms : LHP Ernesto Méndez
Batting: LHB Phil Mazzeo 0-0: Called Strike
0-1: Ball
1-1: Ball
2-1: Foul Ball, location: 2F
2-2: Ball
3-2: Base on Balls
Batting: RHB Braylen Sampson 0-0: Fly out, F3 (Popup, 3)
Batting: RHB Francisco Arriagada 0-0: Ball
1-0: Ball
2-0: Called Strike
2-1: Ball
3-1: Called Strike
3-2: Ground out 1-3 (Groundball, 15S)
Phil Mazzeo to second
Batting: LHB Damian Alldred 0-0: Ball
1-0: Ball
2-0: Called Strike
2-1: Foul Ball, location: 2F
2-2: Ground out 6-3 (Groundball, 6)
Top of the 4th over - 0 runs, 0 hits, 0 errors, 1 left on base; Phoenix Hotspur 1 - Bethesda 2
BOTTOM OF THE 4TH
Bethesda Atoms batting - Pitching for Phoenix Hotspur Youth : LHP Habakkuk Baldonado
Batting: RHB José Leyva 0-0: Ground out 1-3 (Groundball, 13S)
Batting: LHB Gong Mao 0-0: Ball
1-0: Ball
2-0: Ground out 4-3 (Groundball, 4)
Batting: RHB Bartolo Rosas 0-0: Ball
1-0: Ball
2-0: Ground out 2-3 (Groundball, 15S)
Bottom of the 4th over - 0 runs, 0 hits, 0 errors, 0 left on base; Phoenix Hotspur 1 - Bethesda 2
TOP OF THE 5TH
Phoenix Hotspur Youth batting - Pitching for Bethesda Atoms : LHP Ernesto Méndez
Batting: RHB Myles Brundidge 0-0: Fly out, F7 (Line Drive, 7)
Batting: LHB Joseph Antoine 0-0: Ball
1-0: Foul Ball, location: 2F
1-1: Called Strike
1-2: Strikes out swinging
Batting: LHB Carlos Rodríguez 0-0: Ball
1-0: Ball
2-0: Called Strike
2-1: Foul Ball, location: 2F
2-2: Ball
3-2: SINGLE (Groundball, 4MD)
Batting: RHB Jonas van Claveren 0-0: Ball
1-0: Foul Ball, location: 2F
1-1: Foul Ball, location: 2F
1-2: Ball
2-2: Strikes out looking
Top of the 5th over - 0 runs, 1 hit, 0 errors, 1 left on base; Phoenix Hotspur 1 - Bethesda 2
BOTTOM OF THE 5TH
Bethesda Atoms batting - Pitching for Phoenix Hotspur Youth : LHP Habakkuk Baldonado
Batting: SHB Pedro Ortega 0-0: Ball
1-0: Swinging Strike
1-1: Ground out 6-3 (Groundball, 6)
Batting: RHB Diego Romero 0-0: SINGLE (Line Drive, 4MD)
Batting: RHB Enrique Ibarra 0-0: Ball
1-0: Ball
2-0: Foul Ball, location: 2F
2-1: Ground out 5-3 (Groundball, 25)
Diego Romero to second
Batting: LHB Sandor Addicks 0-0: Ball
1-0: Ball
2-0: Called Strike
2-1: Ball
3-1: Called Strike
3-2: Ground out 4-3 (Groundball, 4)
Bottom of the 5th over - 0 runs, 1 hit, 0 errors, 1 left on base; Phoenix Hotspur 1 - Bethesda 2
TOP OF THE 6TH
Phoenix Hotspur Youth batting - Pitching for Bethesda Atoms : LHP Ernesto Méndez
Batting: RHB José Souza 0-0: Called Strike
0-1: Ball
1-1: Ball
2-1: Fly out, F7 (Flyball, 7)
Batting: LHB Phil Mazzeo 0-0: Called Strike
0-1: Ball
1-1: Called Strike
1-2: Foul Ball, location: 2F
1-2: Strikes out swinging
Batting: RHB Braylen Sampson 0-0: Ball
1-0: SINGLE (Line Drive, 6)
Pitching: LHP Ben Olsen
Batting: RHB Francisco Arriagada 0-0: Called Strike
0-1: Ground out 4-3 (Groundball, 4)
Top of the 6th over - 0 runs, 1 hit, 0 errors, 1 left on base; Phoenix Hotspur 1 - Bethesda 2
BOTTOM OF THE 6TH
Bethesda Atoms batting - Pitching for Phoenix Hotspur Youth : LHP Habakkuk Baldonado
Batting: RHB Renato Zuvic 0-0: Ground out 6-3 (Groundball, 6MS)
Batting: LHB Vinski Prifti 0-0: Swinging Strike
0-1: Called Strike
0-2: Foul Ball, location: 2F
0-2: Foul Ball, location: 2F
0-2: Ball
1-2: Fly out, F9 (Flyball, 9LS)
Batting: RHB José Leyva 0-0: Ball
1-0: Ball
2-0: Swinging Strike
2-1: Fly out, F8 (Line Drive, 8LS)
Bottom of the 6th over - 0 runs, 0 hits, 0 errors, 0 left on base; Phoenix Hotspur 1 - Bethesda 2
TOP OF THE 7TH
Phoenix Hotspur Youth batting - Pitching for Bethesda Atoms : LHP Ben Olsen
Batting: LHB Damian Alldred 0-0: Ball
1-0: Ground out 4-3 (Groundball, 4)
Batting: RHB Myles Brundidge 0-0: SINGLE (Groundball, 4D)
Pinch Hitting: RHB Bill Poole 0-0: Ball
1-0: Ball
2-0: Foul Ball, location: 2F
2-1: Ball
3-1: Called Strike
3-2: Base on Balls
Myles Brundidge to second
Batting: LHB Carlos Rodríguez 0-0: Called Strike
0-1: Foul Ball, location: 2F
0-2: Strikes out swinging
Batting: RHB Jonas van Claveren 0-0: Foul Ball, location: 2F
0-1: Called Strike
0-2: Fly out, F4 (Popup, 34)
Top of the 7th over - 0 runs, 1 hit, 0 errors, 2 left on base; Phoenix Hotspur 1 - Bethesda 2
BOTTOM OF THE 7TH
Bethesda Atoms batting - Pitching for Phoenix Hotspur Youth : LHP Habakkuk Baldonado
Pitching: RHP Coy Mitoglou
Now in RF: Juan Negrete
Batting: LHB Gong Mao 0-0: Called Strike
0-1: Ball
1-1: Called Strike
1-2: Ball
2-2: Ball
3-2: Base on Balls
Batting: RHB Bartolo Rosas 0-0: Called Strike
0-1: Ball
1-1: Swinging Strike
1-2: Foul Ball, location: 2F
1-2: Strikes out looking
Pinch Hitting: LHB Rob Rodríguez 0-0: Called Strike
0-1: Called Strike
0-2: Ball
1-2: Ball
2-2: Ball
3-2: Base on Balls
Gong Mao to second
Pinch Runner at 2nd Jorge Ortíz:
Batting: RHB Diego Romero 0-0: Ball
1-0: Ball
2-0: Swinging Strike
2-1: Swinging Strike
2-2: Ball
3-2: Foul Ball, location: 2F
3-2: Strikes out swinging
Batting: RHB Enrique Ibarra 0-0: Foul Ball, location: 2F
0-1: Ball
1-1: Ground out 6-3 (Groundball, 6M)
Bottom of the 7th over - 0 runs, 0 hits, 0 errors, 2 left on base; Phoenix Hotspur 1 - Bethesda 2
TOP OF THE 8TH
Phoenix Hotspur Youth batting - Pitching for Bethesda Atoms : LHP Ben Olsen
Now at 3B: Jorge Ortíz
Now in LF: Rob Rodríguez
Batting: RHB José Souza 0-0: Ball
1-0: Fly out, F9 (Flyball, 89D)
Batting: LHB Phil Mazzeo 0-0: Ground out U3 (Groundball, 3)
Batting: RHB Braylen Sampson 0-0: Ball
1-0: Fly out, F8 (Flyball, 8LD)
Top of the 8th over - 0 runs, 0 hits, 0 errors, 0 left on base; Phoenix Hotspur 1 - Bethesda 2
BOTTOM OF THE 8TH
Bethesda Atoms batting - Pitching for Phoenix Hotspur Youth : RHP Coy Mitoglou
Batting: LHB Sandor Addicks 0-0: Fly out, F6 (Popup, 6MS)
Batting: RHB Renato Zuvic 0-0: Called Strike
0-1: Ball
1-1: Foul Ball, location: 2F
1-2: Ball
2-2: Foul Ball, location: 2F
2-2: Ball
3-2: Base on Balls
Batting: LHB Vinski Prifti 0-0: Ball
1-0: Ball
2-0: Fielders Choice at 2nd, 1-4 (Groundball, 15S)
Batting: RHB José Leyva 0-0: Called Strike
0-1: Foul Ball, location: 2F
0-2: Foul Ball, location: 2F
0-2: Ball
1-2: Foul Ball, location: 2F
1-2: SINGLE (Line Drive, 56D)
Vinski Prifti to second
Vinski Prifti to third
Batting: LHB Jorge Ortíz 0-0: Ball
1-0: Foul Ball, location: 2F
1-1: Ground out 6-3 (Groundball, 6S)
Bottom of the 8th over - 0 runs, 1 hit, 0 errors, 2 left on base; Phoenix Hotspur 1 - Bethesda 2
TOP OF THE 9TH
Phoenix Hotspur Youth batting - Pitching for Bethesda Atoms : LHP Ben Olsen
Pitching: RHP Suhaila Zainuddin
Batting: RHB Francisco Arriagada 0-0: Ball
1-0: Ball
2-0: Ball
3-0: Called Strike
3-1: Foul Ball, location: 2F
3-2: Base on Balls
Batting: LHB Damian Alldred 0-0: Sac Bunt - play at first, batter OUT! 1-4
Francisco Arriagada to second
Batting: RHB Myles Brundidge 0-0: Ball
1-0: Ball
2-0: Called Strike
2-1: Ball
3-1: Base on Balls
Batting: RHB Juan Negrete 0-0: Foul Ball, location: 2F
0-1: Swinging Strike
0-2: Ball
1-2: Foul Ball, location: 2F
1-2: Strikes out swinging
Batting: LHB Carlos Rodríguez 0-0: Called Strike
0-1: Ball
1-1: Foul Ball, location: 2F
1-2: Ball
2-2: Strikes out swinging
Top of the 9th over - 0 runs, 0 hits, 0 errors, 2 left on base; Phoenix Hotspur 1 - Bethesda 2
Friday, March 29th, 2019 - OOTP Baseball 18.8 Build 76